NYP
ABERDEEN IRONBIRDS @ LOWELL SPINNERS
09/18/2048
 
TOP OF THE 1ST
Aberdeen Ironbirds batting - Pitching for Lowell Spinners : RHP Austin O'Connor
Pitching: RHP Austin O'Connor
Batting: LHB Vinny Rivera 0-0: Foul Ball, location: 2F
0-1: Ball
1-1: Swinging Strike
1-2: Ball
2-2: Strikes out looking
Batting: LHB Pat Fontana 0-0: Called Strike
0-1: Foul Ball, location: 2F
0-2: Foul Ball, location: 2F
0-2: Ball
1-2: Foul Ball, location: 2F
1-2: Foul Ball, location: 2F
1-2: Foul Ball, location: 2F
1-2: Foul Ball, location: 2F
1-2: DOUBLE (Flyball, 78D, EV 104.4 MPH)
Batting: SHB Carlos Carrillo 0-0: Ball
1-0: Ball
2-0: Ball
3-0: Base on Balls
Batting: RHB Jonathan Mendoza 0-0: Grounds into double play, 5-4-3 (Groundball, 56S, EV 87.5 MPH)
Top of the 1st over - 0 runs, 1 hit, 0 errors, 1 left on base; Aberdeen 0 - Lowell 0
BOTTOM OF THE 1ST
Lowell Spinners batting - Pitching for Aberdeen Ironbirds : RHP Olaf Barker
Pitching: RHP Olaf Barker
Batting: RHB Aukukero Tairi 0-0: Swinging Strike
0-1: SINGLE (Line Drive, 89M, EV 91.9 MPH)
Batting: RHB Curt Stallings 0-0: Called Strike
0-1: Ball
1-1: DOUBLE (Groundball, 5L, EV 100.6 MPH)
Aukukero Tairi to third
Batting: SHB Salvador Padilla 0-0: Ball
1-0: Fly out, F8 (Flyball, 8RM, EV 91.2 MPH)
Batting: RHB Xavier Joslin 0-0: Called Strike
0-1: Foul Ball, location: 2F
0-2: Ball
1-2: Foul Ball, location: 2F
1-2: Foul Ball, location: 2F
1-2: Ball
2-2: Strikes out swinging
Batting: RHB Willie Camacho 0-0: Ground out 6-3 (Groundball, 56, EV 86.2 MPH)
Bottom of the 1st over - 0 runs, 2 hits, 0 errors, 2 left on base; Aberdeen 0 - Lowell 0
TOP OF THE 2ND
Aberdeen Ironbirds batting - Pitching for Lowell Spinners : RHP Austin O'Connor
Batting: RHB Kevin Popowicz 0-0: Ball
1-0: Swinging Strike
1-1: Swinging Strike
1-2: Ball
2-2: Strikes out swinging
Batting: SHB Chris Wright 0-0: Called Strike
0-1: Ball
1-1: Ball
2-1: Swinging Strike
2-2: Foul Ball, location: 2F
2-2: Strikes out swinging
Batting: RHB Wil Ochoa 0-0: Called Strike
0-1: Foul Ball, location: 2F
0-2: Strikes out swinging
Top of the 2nd over - 0 runs, 0 hits, 0 errors, 0 left on base; Aberdeen 0 - Lowell 0
BOTTOM OF THE 2ND
Lowell Spinners batting - Pitching for Aberdeen Ironbirds : RHP Olaf Barker
Batting: RHB Mike Strey 0-0: Fly out, F9 (Flyball, 9, EV 91.9 MPH)
Batting: RHB Jose Molina 0-0: Fly out, F3 (Line Drive, 3, EV 70.0 MPH)
Batting: LHB Robert Gonzalez 0-0: Ball
1-0: Ball
2-0: Called Strike
2-1: Swinging Strike
2-2: Ground out 4-3 (Groundball, 4, EV 88.1 MPH)
Bottom of the 2nd over - 0 runs, 0 hits, 0 errors, 0 left on base; Aberdeen 0 - Lowell 0
TOP OF THE 3RD
Aberdeen Ironbirds batting - Pitching for Lowell Spinners : RHP Austin O'Connor
Batting: RHB Carlos Teniente 0-0: DOUBLE (Line Drive, 89D, EV 103.1 MPH)
Batting: RHB Fernando Bravo 0-0: Ball
1-0: Called Strike
1-1: Fly out, F4 (Popup, 23, EV 88.1 MPH)
Batting: LHB Vinny Rivera 0-0: Ball
Carlos Teniente steals 3rd base
1-0: Foul Ball, location: 2F
1-1: Called Strike
1-2: SINGLE (Groundball, 34D, EV 96.9 MPH)
Carlos Teniente scores
Batting: LHB Pat Fontana 0-0: Foul Ball, location: 2F
0-1: Foul Ball, location: 2F
0-2: Strikes out looking
Batting: SHB Carlos Carrillo 0-0: Called Strike
0-1: Ball
1-1: Ball
2-1: Swinging Strike
2-2: Ground out 6-3 (Groundball, 6, EV 86.2 MPH)
Top of the 3rd over - 1 run, 2 hits, 0 errors, 1 left on base; Aberdeen 1 - Lowell 0
BOTTOM OF THE 3RD
Lowell Spinners batting - Pitching for Aberdeen Ironbirds : RHP Olaf Barker
Batting: RHB Rogelio Cervantes 0-0: Ball
1-0: Foul Ball, location: 2F
1-1: Foul Ball, location: 2F
1-2: Ball
2-2: Ball
3-2: Strikes out swinging
Batting: RHB Aukukero Tairi 0-0: Called Strike
0-1: Ball
1-1: Ball
2-1: Ball
3-1: Base on Balls
Batting: RHB Curt Stallings 0-0: SINGLE (Line Drive, 6D, EV 98.8 MPH)
Aukukero Tairi to second
Batting: SHB Salvador Padilla 0-0: Called Strike
0-1: Ball
1-1: Called Strike
1-2: Strikes out swinging
Batting: RHB Xavier Joslin 0-0: Ball
1-0: Called Strike
1-1: Foul Ball, location: 2F
1-2: Foul Ball, location: 2F
1-2: Ball
2-2: Ball
3-2: Fly out, F8 (Flyball, 8RD, EV 98.1 MPH)
Bottom of the 3rd over - 0 runs, 1 hit, 0 errors, 2 left on base; Aberdeen 1 - Lowell 0
TOP OF THE 4TH
Aberdeen Ironbirds batting - Pitching for Lowell Spinners : RHP Austin O'Connor
Batting: RHB Jonathan Mendoza 0-0: SINGLE (Groundball, 56D, EV 96.2 MPH)
Batting: RHB Kevin Popowicz 0-0: Called Strike
0-1: Called Strike
0-2: Strikes out swinging
Batting: SHB Chris Wright 0-0: Foul Ball, location: 2F
0-1: Foul Ball, location: 2F
0-2: Strikes out looking
Batting: RHB Wil Ochoa 0-0: Called Strike
0-1: Called Strike
0-2: Ball
1-2: Fly out, F8 (Line Drive, 78M, EV 106.9 MPH)
Top of the 4th over - 0 runs, 1 hit, 0 errors, 1 left on base; Aberdeen 1 - Lowell 0
BOTTOM OF THE 4TH
Lowell Spinners batting - Pitching for Aberdeen Ironbirds : RHP Olaf Barker
Batting: RHB Willie Camacho 0-0: Ball
1-0: Ground out 5-3 (Groundball, 56S, EV 63.8 MPH)
Batting: RHB Mike Strey 0-0: Ball
1-0: Ball
2-0: Ball
3-0: Base on Balls
Batting: RHB Jose Molina 0-0: Called Strike
0-1: Ball
1-1: Ball
2-1: Ball
3-1: Base on Balls
Mike Strey to second
Batting: LHB Robert Gonzalez 0-0: Ground out 3-1 (Groundball, 34, EV 100.6 MPH)
Mike Strey to third
Jose Molina to second
Batting: RHB Rogelio Cervantes 0-0: Called Strike
0-1: Ball
1-1: Swinging Strike
1-2: Ball
2-2: Ball
3-2: Foul Ball, location: 2F
3-2: Strikes out swinging
Bottom of the 4th over - 0 runs, 0 hits, 0 errors, 2 left on base; Aberdeen 1 - Lowell 0
TOP OF THE 5TH
Aberdeen Ironbirds batting - Pitching for Lowell Spinners : RHP Austin O'Connor
Batting: RHB Carlos Teniente 0-0: Ball
1-0: Ball
2-0: Foul Ball, location: 2F
2-1: Foul Ball, location: 2F
2-2: Foul Ball, location: 2F
2-2: Ball
3-2: Strikes out swinging
Batting: RHB Fernando Bravo 0-0: Swinging Strike
0-1: Ball
1-1: Foul Ball, location: 2F
1-2: Strikes out swinging
Batting: LHB Vinny Rivera 0-0: Called Strike
0-1: Called Strike
0-2: Ball
1-2: Strikes out swinging
Top of the 5th over - 0 runs, 0 hits, 0 errors, 0 left on base; Aberdeen 1 - Lowell 0
BOTTOM OF THE 5TH
Lowell Spinners batting - Pitching for Aberdeen Ironbirds : RHP Olaf Barker
Batting: RHB Aukukero Tairi 0-0: Ball
1-0: Called Strike
1-1: Ball
2-1: Swinging Strike
2-2: Ball
3-2: Hit by Pitch
Batting: RHB Curt Stallings 0-0: Called Strike
0-1: Called Strike
Aukukero Tairi is caught stealing 2nd base 2-4
0-2: Foul Ball, location: 2F
0-2: Ball
1-2: Foul Ball, location: 2F
1-2: Foul Ball, location: 2F
1-2: Ball
2-2: Strikes out looking
Batting: SHB Salvador Padilla 0-0: Ball
1-0: Ball
2-0: Called Strike
2-1: Foul Ball, location: 2F
2-2: Ball
3-2: Foul Ball, location: 2F
3-2: Foul Ball, location: 2F
3-2: Foul Ball, location: 2F
3-2: SINGLE (Groundball, 56D, EV 98.1 MPH)
Batting: RHB Xavier Joslin 0-0: Called Strike
0-1: Foul Ball, location: 2F
0-2: Fielders Choice at 2nd, 6-4 (Groundball, 6, EV 101.9 MPH)
Bottom of the 5th over - 0 runs, 1 hit, 0 errors, 1 left on base; Aberdeen 1 - Lowell 0
TOP OF THE 6TH
Aberdeen Ironbirds batting - Pitching for Lowell Spinners : RHP Austin O'Connor
Batting: LHB Pat Fontana 0-0: Ball
1-0: Ball
2-0: Foul Ball, location: 2F
2-1: Ball
3-1: Swinging Strike
3-2: Foul Ball, location: 2F
3-2: Base on Balls
Batting: SHB Carlos Carrillo 0-0: Swinging Strike
0-1: Ball
1-1: Ball
2-1: Ball
3-1: Foul Ball, location: 2F
3-2: Strikes out swinging
Pitching: LHP Jose Andujar
Batting: RHB Jonathan Mendoza 0-0: Ball
1-0: Ball
2-0: TRIPLE (Line Drive, 89XD, EV 97.5 MPH)
Pat Fontana scores
Batting: RHB Kevin Popowicz 0-0: Ball
1-0: Ground out 1-3 (Groundball, 25, EV 72.5 MPH)
Batting: SHB Chris Wright 0-0: Called Strike
0-1: Ball
1-1: Swinging Strike
1-2: Ball
2-2: Ball
3-2: Strikes out swinging
Top of the 6th over - 1 run, 1 hit, 0 errors, 1 left on base; Aberdeen 2 - Lowell 0
BOTTOM OF THE 6TH
Lowell Spinners batting - Pitching for Aberdeen Ironbirds : RHP Olaf Barker
Batting: RHB Willie Camacho 0-0: Ball
1-0: Ball
2-0: Called Strike
2-1: Ball
3-1: Swinging Strike
3-2: Base on Balls
Batting: RHB Mike Strey 0-0: Ball
1-0: Ball
2-0: Foul Ball, location: 2F
2-1: Swinging Strike
2-2: Grounds into double play, 6-4-3 (Groundball, 6, EV 86.9 MPH)
Batting: RHB Jose Molina 0-0: Ground out 3-1 (Groundball, 34, EV 100.6 MPH)
Bottom of the 6th over - 0 runs, 0 hits, 0 errors, 0 left on base; Aberdeen 2 - Lowell 0
TOP OF THE 7TH
Aberdeen Ironbirds batting - Pitching for Lowell Spinners : LHP Jose Andujar
Batting: RHB Wil Ochoa 0-0: Called Strike
0-1: Called Strike
0-2: Strikes out looking
Batting: RHB Carlos Teniente 0-0: Called Strike
0-1: Called Strike
0-2: Ball
1-2: Foul Ball, location: 2F
1-2: Strikes out looking
Batting: RHB Fernando Bravo 0-0: Called Strike
0-1: Foul Ball, location: 2F
0-2: Strikes out swinging
Top of the 7th over - 0 runs, 0 hits, 0 errors, 0 left on base; Aberdeen 2 - Lowell 0
BOTTOM OF THE 7TH
Lowell Spinners batting - Pitching for Aberdeen Ironbirds : RHP Olaf Barker
Pitching: LHP Fadeuka Aleev
Now at 3B: Matt Berrier
Pinch Hitting: RHB Dominique Paolozzi 0-0: Ball
1-0: Foul Ball, location: 2F
1-1: Swinging Strike
1-2: SINGLE (Groundball, 6M, EV 93.1 MPH) (infield hit)
Pitching: RHP Jose Santos
Batting: RHB Rogelio Cervantes 0-0: Ball
1-0: Sac Bunt to P - play at first, batter OUT! 1-3
Dominique Paolozzi to second
Batting: RHB Aukukero Tairi 0-0: Called Strike
0-1: Ball
1-1: Swinging Strike
1-2: SINGLE (Groundball, 56S, EV 71.2 MPH) (infield hit)
Dominique Paolozzi to third
Batting: RHB Curt Stallings 0-0: Called Strike
0-1: Foul Ball, location: 2F
0-2: Ball
1-2: Ball
Aukukero Tairi is caught stealing 2nd base 2-4
2-2: Ball
3-2: Ground out 4-3 (Groundball, 4M, EV 91.9 MPH)
Bottom of the 7th over - 0 runs, 2 hits, 0 errors, 1 left on base; Aberdeen 2 - Lowell 0
TOP OF THE 8TH
Aberdeen Ironbirds batting - Pitching for Lowell Spinners : LHP Jose Andujar
Now in LF: Guillermo Quintero
Now in RF: Curt Stallings
Batting: LHB Vinny Rivera 0-0: Called Strike
0-1: Called Strike
0-2: Ball
1-2: Ball
2-2: Strikes out swinging
Batting: LHB Pat Fontana 0-0: Called Strike
0-1: Foul Ball, location: 2F
0-2: Ground out 6-3 (Groundball, 6M, EV 88.1 MPH)
Batting: SHB Carlos Carrillo 0-0: Ball
1-0: Called Strike
1-1: Called Strike
1-2: Strikes out swinging
Top of the 8th over - 0 runs, 0 hits, 0 errors, 0 left on base; Aberdeen 2 - Lowell 0
BOTTOM OF THE 8TH
Lowell Spinners batting - Pitching for Aberdeen Ironbirds : RHP Jose Santos
Batting: SHB Salvador Padilla 0-0: Ball
1-0: Ball
2-0: Ball
3-0: Base on Balls
Batting: RHB Xavier Joslin 0-0: DOUBLE (Line Drive, 7LS, EV 103.8 MPH)
Salvador Padilla to third
Pinch Hitting: LHB Nelis Geurts 0-0: Ground out 6-3 (Groundball, 6, EV 80.6 MPH)
Salvador Padilla scores
Batting: RHB Mike Strey 0-0: Swinging Strike
0-1: Ground out U3 (Groundball, 3, EV 97.5 MPH)
Xavier Joslin to third
Batting: RHB Jose Molina 0-0: Ball
1-0: Foul Ball, location: 2F
1-1: Fly out, F7 (Flyball, 78M, EV 90.0 MPH)
Bottom of the 8th over - 1 run, 1 hit, 0 errors, 1 left on base; Aberdeen 2 - Lowell 1
TOP OF THE 9TH
Aberdeen Ironbirds batting - Pitching for Lowell Spinners : LHP Jose Andujar
Now at 1B: Nelis Geurts
Now at 2B: Jose Molina
Now at 3B: Salvador Padilla
Batting: RHB Jonathan Mendoza 0-0: Ball
1-0: Foul Ball, location: 2F
1-1: Foul Ball, location: 2F
1-2: Foul Ball, location: 2F
1-2: Ball
2-2: Strikes out looking
Batting: RHB Kevin Popowicz 0-0: Ball
1-0: Ball
2-0: Called Strike
2-1: Ball
3-1: Base on Balls
Pitching: RHP Tyler Tomblin
Batting: RHB Matt Berrier 0-0: Ball
Kevin Popowicz is caught stealing 2nd base 2-4
1-0: Foul Ball, location: 2F
1-1: Swinging Strike
1-2: Ground out 6-3 (Groundball, 6, EV 94.4 MPH)
Top of the 9th over - 0 runs, 0 hits, 0 errors, 0 left on base; Aberdeen 2 - Lowell 1
BOTTOM OF THE 9TH
Lowell Spinners batting - Pitching for Aberdeen Ironbirds : RHP Jose Santos
Pitching: LHP Ronnie Pickering
Now in RF: Alfredo Reguera
Batting: RHB Guillermo Quintero 0-0: Ball
1-0: DOUBLE (Line Drive, 9LD, EV 109.4 MPH)
Batting: RHB Rogelio Cervantes 0-0: Foul Ball, location: 2F
0-1: Ball
1-1: Ground out 6-3 (Groundball, 6, EV 90.6 MPH)
Guillermo Quintero to third
Batting: RHB Aukukero Tairi 0-0: Called Strike
0-1: Ball
Passed Ball!
Guillermo Quintero scores
1-1: Called Strike
1-2: Strikes out swinging
Batting: RHB Curt Stallings 0-0: Called Strike
0-1: Called Strike
0-2: Ball
1-2: Hit by Pitch
Batting: SHB Salvador Padilla 0-0: Ball
1-0: Swinging Strike
1-1: Called Strike
1-2: Ball
2-2: Strikes out swinging
Bottom of the 9th over - 1 run, 1 hit, 0 errors, 1 left on base; Aberdeen 2 - Lowell 2
TOP OF THE 10TH
Aberdeen Ironbirds batting - Pitching for Lowell Spinners : RHP Tyler Tomblin
Pitching: RHP Danny Marquez
Batting: RHB Wil Ochoa 0-0: Ball
1-0: Ball
2-0: Swinging Strike
2-1: Foul Ball, location: 2F
2-2: Ball
3-2: Foul Ball, location: 2F
3-2: Ground out 5-3 (Groundball, 56, EV 88.1 MPH)
Batting: RHB Carlos Teniente 0-0: Ball
1-0: Foul Ball, location: 2F
1-1: Ball
2-1: Called Strike
2-2: Ground out 5-3 (Groundball, 5S, EV 60.6 MPH)
Batting: RHB Fernando Bravo 0-0: Ball
1-0: Called Strike
1-1: Ball
2-1: Foul Ball, location: 2F
2-2: Strikes out swinging
Top of the 10th over - 0 runs, 0 hits, 0 errors, 0 left on base; Aberdeen 2 - Lowell 2
BOTTOM OF THE 10TH
Lowell Spinners batting - Pitching for Aberdeen Ironbirds : LHP Ronnie Pickering
Batting: RHB Xavier Joslin 0-0: Ball
1-0: Ball
2-0: Ball
3-0: Ground out 6-3 (Groundball, 56, EV 102.5 MPH)
Pinch Hitting: RHB John Doucette 0-0: Ball
1-0: Ball
2-0: Called Strike
2-1: Fly out, F4 (Line Drive, 4, EV 66.9 MPH)
Batting: RHB Mike Strey 0-0: Reached on error, E6 (Groundball, 6, EV 97.5 MPH)
Batting: RHB Jose Molina 0-0: Foul Ball, location: 2F
0-1: Ball
1-1: Called Strike
1-2: Fly out, F7 (Flyball, 7LD, EV 108.1 MPH)
Bottom of the 10th over - 0 runs, 0 hits, 1 error, 1 left on base; Aberdeen 2 - Lowell 2
TOP OF THE 11TH
Aberdeen Ironbirds batting - Pitching for Lowell Spinners : RHP Danny Marquez
Now at 1B: John Doucette
Batting: LHB Vinny Rivera 0-0: Called Strike
0-1: Ball
1-1: Swinging Strike
1-2: Strikes out swinging
Batting: LHB Pat Fontana 0-0: Called Strike
0-1: Ball
1-1: Ball
2-1: Ball
3-1: Base on Balls
Batting: SHB Carlos Carrillo 0-0: Ball
1-0: Foul Ball, location: 2F
1-1: Ball
2-1: Swinging Strike
2-2: DOUBLE (Line Drive, 7LM, EV 104.4 MPH)
Pat Fontana to third
Runner from 3rd tries for Home, SAFE, no throw by LF
Batting: RHB Alfredo Reguera 0-0: Called Strike
Balk!
Carlos Carrillo to third
0-1: Foul Ball, location: 2F
0-2: Ball
1-2: Ball
2-2: Ball
3-2: Base on Balls
Pitching: RHP Mike Robertson
Batting: RHB Kevin Popowicz 0-0: Ball
1-0: Ball
2-0: Foul Ball, location: 2F
2-1: Ball
3-1: Foul Ball, location: 2F
3-2: Fly out, F2 (Popup, 2L, EV 93.1 MPH)
Batting: RHB Matt Berrier 0-0: Swinging Strike
0-1: Ball
1-1: Called Strike
1-2: Strikes out looking
Top of the 11th over - 1 run, 1 hit, 0 errors, 2 left on base; Aberdeen 3 - Lowell 2
BOTTOM OF THE 11TH
Lowell Spinners batting - Pitching for Aberdeen Ironbirds : LHP Ronnie Pickering
Pitching: RHP Nick Hodge
Batting: RHB Guillermo Quintero 0-0: Ball
1-0: Called Strike
1-1: Foul Ball, location: 2F
1-2: Ground out 6-3 (Groundball, 56D, EV 89.4 MPH)
Batting: RHB Rogelio Cervantes 0-0: Called Strike
0-1: SINGLE (Line Drive, 8RS, EV 101.2 MPH)
Batting: RHB Aukukero Tairi 0-0: Ground out 5-3 (Groundball, 56, EV 83.8 MPH)
Rogelio Cervantes to second
Batting: RHB Curt Stallings 0-0: Ball
1-0: Foul Ball, location: 2F
1-1: Ground out 5-3 (Groundball, 5, EV 108.8 MPH)
Bottom of the 11th over - 0 runs, 1 hit, 0 errors, 1 left on base; Aberdeen 3 - Lowell 2
Tuesday, March 28th , 2023 - OOTP Baseball 23.10 Build 110